 Dungeon Crawl Stone Soup version 0.20.0-15-g7f486f2 (webtiles) character file.

1641 grindst0ne the Unseen (level 8, -1/50 HPs)
             Began as an Octopode Assassin on June 11, 2017.
             Was a Believer of Cheibriados.
             Slain by an orc warrior
             ... wielding a +0 war axe
              (25 damage)
             ... on level 6 of the Dungeon.
             The game lasted 00:20:33 (8186 turns).

grindst0ne the Unseen (Octopode Assassin)           Turns: 8186, Time: 00:20:34

Health: -1/50      AC:  1    Str: 14    XL:     8   Next: 99%
Magic:  8/8        EV: 13    Int: 17    God:    Cheibriados [**....]
Gold:   232        SH:  0    Dex: 20    Spells: 7/7 levels left

rFire    . . .     SeeInvis .   a - +3 short sword
rCold    . . .     Gourm    .   (no shield)
rNeg     + . .     Faith    .   (helmet restricted)
rPois    .         Spirit   .   (no amulet)
rElec    .         Reflect  .   s - ring of positive energy
rCorr    .         Harm     .   y - ring of wizardry
MR       .....                  (no ring)
Stlth    +++++++...             (no ring)
Regen    0.2/turn               (no ring)
MPRegen  0.2/turn               (no ring)
                                (no ring)
                                (no ring)

@: very slow
A: almost no armour, stealthy swim, amphibious, 8 rings, constrict 8, camouflage
1, gelatinous body 1
a: Bend Time, Renounce Religion


You were on level 6 of the Dungeon.
You worshipped Cheibriados.
Cheibriados was pleased with you.
You were not hungry.

You visited 2 branches of the dungeon, and saw 7 of its levels.
You also visited: Ossuary.

You collected 232 gold pieces.

Inventory:

Hand Weapons
 a - a +3 short sword (weapon)
 b - a +0 blowgun
 h - a +2 dagger
 u - a +1 short sword of speed
Missiles
 c - 13 poisoned needles
 d - 2 curare-tipped needles
Jewellery
 s - a ring of positive energy (left tentacle)
 y - a ring of wizardry (right tentacle)
 D - a cursed ring of loudness {unknown}
Scrolls
 k - 7 scrolls of teleportation
 m - a scroll of amnesia {unknown}
 n - a scroll of magic mapping
 o - 5 scrolls of remove curse
 p - 2 scrolls of blinking
 E - a scroll of enchant weapon {unknown}
Potions
 e - a potion of degeneration
 g - 2 potions of might
 i - a potion of agility
 j - 6 potions of lignification
 q - 3 potions of berserk rage
 w - 3 potions of heal wounds {unknown}
 x - a potion of magic
 z - 2 potions of curing {unknown}
 A - a potion of haste {unknown}
Comestibles
 f - 5 bread rations
 l - 3 chunks of flesh
 r - a meat ration
 v - 3 fruits
 C - 2 royal jellies


   Skills:
 - Level 2.0 Fighting
 + Level 2.5 Short Blades
 - Level 2.0 Throwing
 - Level 1.0 Dodging
 - Level 15.2 Stealth
 + Level 1.3 Invocations


You had 7 spell levels left.
You didn't know any spells.

Dungeon Overview and Level Annotations

Branches:
Dungeon (6/15)             Temple (1/1) D:4

Altars:
Cheibriados
Elyvilon
Fedhas
Gozag
Hepliaklqana
Kikubaaqudgha
Makhleb
Nemelex Xobeh
Okawaru
Qazlal
Ru
Sif Muna
Trog
Uskayaw
Vehumet
Xom
Yredelemnul
Zin
The Shining One


Innate Abilities, Weirdness & Mutations

You cannot wear most types of armour.
You are very stealthy in the water. (Stealth+)
You are amphibious.
You can wear up to eight rings at the same time.
You can use your tentacles to constrict eight enemies at once.
Your skin changes colour to match your surroundings (Stealth+).
Your rubbery body absorbs attacks. (AC +1, EV +1)


Message History

Things that are here:
an enchanted flail; a scale mail
Found 19 arrows.
c - 12 poisoned needles (gained 1)
c - 13 poisoned needles (gained 1)
An orc warrior comes into view. It is wielding a war axe.
Found 21 arrows.
The orc warrior hits you with a war axe.
The orc warrior hits you with a war axe!!
Ouch! That really hurt!
You hit the orc warrior but do no damage.
You grab the orc warrior.
You constrict the orc warrior, but do no damage.
You hit the orc warrior.
You squeeze the orc warrior, but do no damage.
The orc warrior is lightly wounded.
You constrict the orc warrior.
The orc warrior hits you with a war axe!!
Ouch! That really hurt!
You die...

#..#.###...# .#..## ##(##
##...... ##.## ##.## #(.....
##.# #...# ##..... ...#
#...# #..... ##### ####
#...####....####..⌠# #####
#...##.#....#......#
....####...##.#.o.##......#
....?........##.@.#...#...##
.............#....#...#....#
.W>..........#...##...##...#
.....###...###...#.....#...#
#.##.# #...# #...#.....#...#
#§##.###...# #...#..(..#...#
......##...# #...#..⌠..#...#
.###..##...# #...#.)...#...#
......###.####...#.....#...#


You could see an orc warrior.

Vanquished Creatures
  Sigmund (D:3)
  Eustachio (D:4)
  A phantom (D:5)
  An ogre (D:3)
  The ghost of grindst0ne the Sneak, an amateur OpAs (D:3)
  A bullfrog (D:6)
  2 centaur zombies
  A crimson imp (D:5)
  2 orc priests
  3 bullfrog skeletons (D:5)
  A gnoll shaman (D:4)
  A hound (D:6)
  2 iguanas (D:5)
  Ijyb (D:5)
  Terence (D:2)
  3 orc wizards (D:4)
  Natasha (thrice) (D:4)
  3 worker ants
  A hound zombie (D:5)
  3 mummies (Ossuary)
  8 gnolls
  11 adders
  A shadow imp (D:5)
  An ooze (D:5)
  4 adder zombies
  3 worms
  5 dart slugs
  6 leopard geckos
  8 orcs
  5 giant cockroaches
  A gnoll zombie (Ossuary)
  7 hobgoblins
  7 jackals (D:5)
  6 quokkas
  A ball python (D:2)
  7 bats
  3 frilled lizards
  A giant cockroach zombie (D:5)
  7 goblins
  2 goblin zombies (Ossuary)
  4 hobgoblin zombies (Ossuary)
  14 kobolds
  3 kobold zombies (Ossuary)
  A leopard gecko skeleton (D:4)
  An orc zombie (Ossuary)
  A quokka zombie (Ossuary)
  3 rats
  3 rat zombies (Ossuary)
157 creatures vanquished.

Vanquished Creatures (others)
  An orc wizard (D:6)
1 creature vanquished.

Grand Total: 158 creatures vanquished

Notes
Turn   | Place    | Note
-------+----------+-------------------------------------------
     0 | D:1      | grindst0ne the Octopode Assassin began the quest for the Orb.
     0 | D:1      | Reached XP level 1. HP: 14/14 MP: 1/1
   358 | D:1      | Reached XP level 2. HP: 19/19 MP: 2/2
   374 | D:1      | Reached skill level 6 in Stealth
  1005 | D:1      | Reached XP level 3. HP: 24/24 MP: 3/3
  1288 | D:2      | Reached skill level 7 in Stealth
  1463 | D:2      | Found a blossoming altar of Fedhas.
  1486 | D:2      | Reached XP level 4. HP: 15/29 MP: 4/4
  1743 | D:2      | Reached skill level 8 in Stealth
  2116 | D:2      | Noticed Terence
  2124 | D:2      | Killed Terence
  2124 | D:2      | Reached XP level 5. HP: 33/34 MP: 5/5
  2456 | D:3      | Reached skill level 9 in Stealth
  2552 | D:3      | Found a bloodstained altar of Trog.
  2552 | D:3      | Found a sparkling altar of Nemelex Xobeh.
  2694 | D:3      | Noticed Sigmund
  2831 | D:3      | Killed Sigmund
  2831 | D:3      | Reached skill level 10 in Stealth
  2831 | D:3      | Reached XP level 6. HP: 39/39 MP: 6/6
  2847 | D:3      | Noticed grindst0ne's ghost (amateur OpAs)
  2988 | D:3      | Killed grindst0ne's ghost
  2988 | D:3      | Reached skill level 11 in Stealth
  2988 | D:3      | Reached XP level 7. HP: 35/45 MP: 7/7
  3510 | D:4      | Found a sand-covered staircase.
  3628 | Ossuary  | Entered an ossuary
  4533 | D:4      | Reached skill level 12 in Stealth
  4800 | D:4      | Noticed Eustachio
  4804 | D:4      | Killed Eustachio
  5216 | D:4      | Noticed Natasha
  5235 | D:4      | Killed Natasha
  5235 | D:4      | Reached skill level 13 in Stealth
  5235 | D:4      | Reached XP level 8. HP: 44/50 MP: 8/8
  5246 | D:4      | Noticed Natasha
  5257 | D:4      | Killed Natasha
  5597 | D:4      | Noticed Natasha
  5613 | D:4      | Killed Natasha
  5803 | D:4      | Found a staircase to the Ecumenical Temple.
  5812 | Temple   | Entered the Ecumenical Temple
  5916 | Temple   | Became a worshipper of Cheibriados the Contemplative
  6065 | D:5      | Entered Level 5 of the Dungeon
  6358 | D:5      | Reached skill level 14 in Stealth
  6530 | D:5      | Found a shimmering altar of Xom.
  6540 | D:5      | Noticed Ijyb
  6547 | D:5      | Killed Ijyb
  6642 | D:5      | Reached * piety under Cheibriados
  7229 | D:6      | Found a stormy altar of Qazlal.
  7324 | D:6      | Found a radiant altar of Vehumet.
  7412 | D:5      | HP: 2/50 [phantom (9)]
  7426 | D:5      | Reached skill level 15 in Stealth
  7812 | D:6      | Reached skill level 1 in Invocations
  8156 | D:6      | Reached ** piety under Cheibriados
  8186 | D:6      | Slain by an orc warrior

Skill      XL: |  1  2  3  4  5  6  7  8 |
---------------+-------------------------+-----
Stealth        | 6 7 8 10 11 13 15 | 15.2
Invocations    | 1 |  1.3
Fighting       | |  2.0
Short Blades   | |  2.5
Throwing       | |  2.0
Dodging        | |  1.0

Action                   |  1- 3 |  4- 6 |  7- 9 || total
-------------------------+-------+-------+-------++-------
Melee: Dagger            |    35 |       |       ||    35
       Constrict         |    20 |    19 |    43 ||    82
       Tentacles         |    14 |    18 |    48 ||    80
       Short sword       |    36 |    98 |   211 ||   345
 Fire: Blowgun           |       |    11 |    30 ||    41
  Use: Scroll            |       |       |    15 ||    15
       Potion            |       |       |     5 ||     5
 Stab: Sleeping          |     6 |    13 |    31 ||    50
       Distracted        |       |     1 |     3 ||     4
  Eat: Chunk             |     2 |     4 |    10 ||    16
       Bread ration      |       |       |     1 ||     1
Armor: Skin              |     7 |     2 |     8 ||    17
Dodge: Dodged            |    32 |    48 |    85 ||   165
